 Dungeon Crawl Stone Soup version 0.24-a0-235-g3f03afc (webtiles) character file.

Game seed: 6911571984495532884

338 Espgualade the Ducker (level 6, -3/32 HPs)
             Began as a Tengu Ice Elementalist on Apr 8, 2019.
             Was an Initiate of Vehumet.
             Slain by an orc
             ... wielding a +2 dagger of electrocution
              (19 damage)
             ... on level 4 of the Dungeon.
             The game lasted 00:08:54 (4251 turns).

Espgualade the Ducker (Tengu Ice Elementalist)      Turns: 4251, Time: 00:08:55

Health: -3/32      AC:  7    Str:  9    XL:     6   Next: 55%
Magic:  4/19       EV: 15    Int: 17    God:    Vehumet [......]
Gold:   105        SH:  0    Dex: 17    Spells: 3/9 levels left

rFire    . . .     SeeInvis .   m - +0 falchion
rCold    . . .     Gourm    .   (no shield)
rNeg     . . .     Faith    .   a - +0 robe
rPois    .         Spirit   .   (helmet restricted)
rElec    .         Reflect  .   (no cloak)
rCorr    .         Harm     .   (no gloves)
MR       .....                  (boots unavailable)
Stlth    ++........             (no amulet)
HPRegen  0.10/turn              f - ring of magical power
MPRegen  0.16/turn              d - +3 ring of dexterity

@: icy armour, very slightly contaminated
A: beak, talons 3, able to fly
a: Fly, Renounce Religion


You were on level 4 of the Dungeon.
You worshipped Vehumet.
Vehumet was noncommittal.
You were not hungry.

You visited 1 branch of the dungeon, and saw 4 of its levels.

You collected 105 gold pieces.

Inventory:

Hand Weapons
 g - a +2 dagger of venom
 m - a +0 falchion (weapon)
Armour
 a - a +0 robe (worn)
Jewellery
 d - a +3 ring of dexterity (right hand)
 f - a ring of magical power (left hand)
 l - an uncursed ring of fire
Scrolls
 e - a scroll of teleportation
 h - a scroll of remove curse
Potions
 b - 3 potions of curing
 j - a potion of resistance
 k - a potion of heal wounds
 o - a potion of berserk rage
Comestibles
 c - 6 rations
 i - a chunk of flesh


   Skills:
 - Level 5.1 Dodging
 - Level 2.0 Stealth
 - Level 2.0 Spellcasting
 + Level 2.3 Conjurations
 - Level 5.0 Ice Magic


You had 3 spell levels left.
You knew the following spells:

 Your Spells              Type           Power        Failure   Level  Hunger
a - Freeze                Ice            ###.         2%          1    #......
b - Throw Frost           Conj/Ice       ##....       6%          2    ###....
c - Ozocubu's Armour      Chrm/Ice       ##......     21%         3    ###....

Your spell library contained the following spells:

 Spells                   Type           Power        Failure   Level  Hunger
 Throw Icicle             Conj/Ice       ##......     38%         4    #####..
 Summon Ice Beast         Ice/Summ       ##......     56%         4    #####..


Dungeon Overview and Level Annotations

Branches:
Dungeon (4/15)
 Temple: D:4-7

Altars:
Ashenzari
Gozag
Ru
Vehumet

Shops:
D:2 *

Annotations:
D:4 Blork the orc


Innate Abilities, Weirdness & Mutations

You have a beak for a mouth.
You have claws for feet.
You can fly continuously.


Message History

Your Conjurations skill increases to level 2!
You feel less confused.
Casting: Freeze (safe; 2% risk of failure)
Confirm with . or Enter, or press ? or * to list all spells.
You miscast Ozocubu's Armour.
You are very lightly contaminated with residual magic.
Nothing appears to happen.
The orc hits you with a +2 dagger of electrocution.
Casting: Ozocubu's Armour (safe; 21% risk of failure)
Confirm with . or Enter, or press ? or * to list all spells.
You miscast Ozocubu's Armour.
You hear a crackling sound.
The orc barely misses you.
Unknown command.
Casting: Ozocubu's Armour (safe; 21% risk of failure)
Confirm with . or Enter, or press ? or * to list all spells.
A film of ice covers your body! The orc hits you but does no damage.
You are electrocuted!!
Ouch! That really hurt!
You die...

#ยง#. ### #.#. #.# #.#.
#.# ##... #.# #....
#.######...# #
#..........#
####.###############...#
#....wo@........# #....
#.#.###########.# #...#
#.# #...# ########.#
#...# #........####...#
...#####....>....#
#........## #.######.#
#.# #.#


You could see a worm and an orc.

Vanquished Creatures
  2 orc wizards
  Natasha (D:2)
  Terence (D:2)
  An iguana (D:4)
  2 worker ants (D:4)
  Robin (D:2)
  A gnoll (D:3)
  3 adders
  An ooze (D:1)
  A worm (D:2)
  3 dart slugs
  2 leopard geckos
  5 orcs
  9 bats
  6 giant cockroaches
  17 goblins
  10 hobgoblins
  4 jackals (D:1)
  3 quokkas
  3 ball pythons
  3 frilled lizards
  10 kobolds
  10 rats
99 creatures vanquished.

Notes
Turn   | Place    | Note
-------+----------+-------------------------------------------
     0 | D:1      | Espgualade the Tengu Ice Elementalist began the quest for
                  | the Orb.
     0 | D:1      | Reached XP level 1. HP: 10/10 MP: 4/4
   232 | D:1      | Reached XP level 2. HP: 14/15 MP: 1/6
   717 | D:1      | Reached XP level 3. HP: 17/19 MP: 5/7
  1603 | D:1      | Learned a level 2 spell: Throw Frost
  1607 | D:1      | Learned a level 3 spell: Ozocubu's Armour
  1686 | D:2      | Found a shattered altar of Ashenzari.
  1802 | D:2      | Found Gozag's Platinum Reserve.
  1844 | D:2      | Reached XP level 4. HP: 18/24 MP: 3/8
  2172 | D:2      | Noticed Terence
  2177 | D:2      | Killed Terence
  2243 | D:2      | Found an opulent altar of Gozag.
  2283 | D:2      | Noticed Robin
  2308 | D:2      | Killed Robin
  2313 | D:2      | Reached skill level 5 in Ice Magic
  2521 | D:2      | Noticed Natasha
  2529 | D:2      | Killed Natasha
  2529 | D:2      | Gained mutation: You can fly continuously. [Tengu growth]
  2529 | D:2      | Reached XP level 5. HP: 23/28 MP: 9/9
  2952 | D:3      | Found a sacrificial altar of Ru.
  3427 | D:3      | Found a radiant altar of Vehumet.
  3431 | D:3      | Became a worshipper of Vehumet
  3613 | D:3      | Reached XP level 6. HP: 28/32 MP: 10/10
  4127 | D:4      | Noticed Blork the orc
  4233 | D:4      | Reached skill level 5 in Dodging
  4251 | D:4      | Slain by an orc

Levels and vault maps discovered:
D:1:      onia_arrival_larder, layout_loops_corners, corner_web_ring,
          minmay_close_crescents
D:2:      layout_basic, nicolae_gozag_zags_fifth_avenue,
          evilmike_ruin_ashenzari, uniq_terence, uniq_natasha, uniq_robin
D:3:      minmay_razor_zed, layout_loops_ring, lemuel_doored_altar,
          vehumet_crystals
D:4:      layout_loops_ring, elyvilon_altar_3, uniq_blork_the_orc

Skill      XL: |  1  2  3  4  5  6 |
---------------+-------------------+-----
Ice Magic      | 3 4 5 |  5.0
Dodging        | 4 5 |  5.1
Conjurations   | 2 |  2.3
Stealth        | |  2.0
Spellcasting   | |  2.0

Action                   |  1- 3 |  4- 6 || total
-------------------------+-------+-------++-------
Melee: Unarmed           |    23 |       ||    23
       Peck              |     7 |    11 ||    18
       Kick              |    15 |    17 ||    32
       Short sword       |    42 |     3 ||    45
       Falchion          |       |    71 ||    71
 Cast: Freeze            |    38 |    40 ||    78
       Throw Frost       |       |    17 ||    17
       Ozocubu's Armour  |       |     1 ||     1
  Use: Scroll            |       |     8 ||     8
 Stab: Sleeping          |     6 |    10 ||    16
  Eat: Chunk             |     3 |    10 ||    13
Armor: Robe              |    25 |    15 ||    40
Dodge: Dodged            |    59 |    69 ||   128
       Rpst.: Falchion   |       |    16 ||    16

Table legend:
 A = Non-vault XP
 B = Vault XP
 C = Vault XP percentage of total XP
 D = Non-vault monster count
 E = Vault monster count
 F = Vault count percentage of total count
                 A         B        C        D         E       F
            +---------+---------+-------+---------+---------+-------
      Total |     340 |     144 |  29.8 |      71 |      28 |  28.3
            +---------+---------+-------+---------+---------+-------
        D:1 |      64 |      10 |  13.5 |      32 |       7 |  17.9
        D:2 |      28 |     100 |  78.1 |       8 |       9 |  52.9
        D:3 |      96 |      34 |  26.2 |      25 |      12 |  32.4
        D:4 |     152 |       0 |   0.0 |       6 |       0 |   0.0
            +---------+---------+-------+---------+---------+-------
